Map: Green Acres

Players

neulaender

  • Race: Zerg Zerg
  • Spawn Location: 1:00

Baumdoktor

  • Race: Protoss Protoss
  • Spawn Location: 12:00

BennTenn

  • Race: Terran Terran
  • Spawn Location: 3:00

A.I. 3 (Elite) - Winner!

  • Race: Terran Terran
  • Spawn Location: 9:00

A.I. 4 (Very Hard) - Winner!

  • Race: Protoss Protoss
  • Spawn Location: 7:00

A.I. 5 (Very Hard) - Winner!

  • Race: Terran Terran
  • Spawn Location: 6:00

VOD

Have the link to the VOD?

Description

Time

  • Played on: Oct. 10, 2016, 1:30 p.m.
  • Length: 7:07
Show
View Real Time Build Order
Export as new Build Order

neulaender Zerg 

Build Orders: Pool First 

Get SALT Encoding   

  12  0:07  Overlord  
  12  0:19  Drone x2  
  14  0:30  Drone  
  15  0:40  Spawning Pool  
  14  0:44  Drone  
  14  0:48  Drone  
  16  0:54  Drone  
  17  0:59  Extractor  
  17  1:03  Drone  
  17  1:13  Drone  
  18  1:24  Drone  
  19  1:28  Queen  
  21  1:35  Overlord  
  21  1:45  Hatchery  
  20  1:49  Drone  
  21  1:58  Zergling x2  
  22  2:06  Metabolic Boost  
  23  2:08  Zergling x2  
  23  2:21  Drone  
  24  2:37  Extractor  
  24  2:38  Drone x2  
  24  2:39  Drone  
  24  2:43  Drone  
  27  2:49  Drone  
  28  2:55  Evolution Chamber  
  28  2:58  Queen  
  27  2:59  Zergling x2  
  27  3:00  Zergling x2  
  31  3:06  Overlord  
  31  3:09  Drone  
  31  3:12  Zergling x4  
  33  3:13  Zergling x2  
  33  3:19  Roach Warren  
  33  3:26  Zerg Missile Weapons Level 1  
  33  3:42  Drone x5, Spine Crawler  
  37  3:52  Lair  
  33  4:08  Zergling x12  
  37  4:13  Roach x2  
  37  4:16  Zergling x2  
  34  4:34  Roach x4  
  34  4:35  Roach x2  
  37  4:40  Zergling x2  
  38  4:50  Glial Reconstitution  
  31  5:02  Roach  
Show
View Real Time Build Order
Export as new Build Order

Baumdoktor Protoss 

Build Orders: 1 Gate Expand 

Get SALT Encoding   

  12  0:02  Probe (Chrono Boost)  
  13  0:13  Probe (Chrono Boost)  
  14  0:20  Pylon  
  14  0:23  Probe (Chrono Boost)  
  15  0:38  Probe (Chrono Boost)  
  15  0:42  Gateway  
  16  0:49  Probe (Chrono Boost)  
  17  0:59  Probe (Chrono Boost)  
  18  1:10  Probe (Chrono Boost)  
  19  1:18  Nexus  
  19  1:25  Pylon  
  19  1:40  Cybernetics Core, Assimilator  
  19  1:45  Assimilator  
  19  1:48  Probe (Chrono Boost)  
  20  1:58  Probe (Chrono Boost)  
  21  2:04  Pylon  
  21  2:05  Warp Gate  
  21  2:09  Probe (Chrono Boost)  
  22  2:20  Probe (Chrono Boost)  
  23  2:32  Probe (Chrono Boost)  
  23  2:33  Probe (Chrono Boost)  
  25  2:43  Probe (Chrono Boost)  
  27  2:44  Probe (Chrono Boost)  
  27  2:49  Forge  
  27  2:53  Pylon  
  27  2:54  Probe (Chrono Boost)  
  27  2:57  Probe (Chrono Boost)  
  29  3:00  Gateway  
  29  3:04  Probe (Chrono Boost)  
  30  3:09  Probe (Chrono Boost)  
  30  3:10  Gateway  
  31  3:15  Gateway, Probe (Chrono Boost)  
  32  3:23  Gateway  
  32  3:28  Gateway  
  32  3:31  Probe (Chrono Boost)  
  33  3:38  Probe (Chrono Boost)  
  35  3:41  Probe (Chrono Boost)  
  35  3:52  Mothership Core (Chrono Boost), Probe (Chrono Boost)  
  38  4:02  Probe (Chrono Boost)  
  39  4:08  Stalker  
  39  4:09  Stalker  
  43  4:12  Probe (Chrono Boost)  
  44  4:22  Stalker  
  40  4:39  Stalker x2  
Show
View Real Time Build Order
Export as new Build Order

BennTenn Terran 

Build Orders:  

Get SALT Encoding   

  12  0:03  SCV  
  13  0:15  SCV  
  14  0:24  Supply Depot  
  14  0:27  SCV  
  15  0:46  SCV  
  16  0:52  Barracks  
  16  0:59  Supply Depot  
  16  1:01  SCV  
  17  1:13  SCV  
  18  1:22  Refinery  
  18  1:25  SCV  
  19  1:35  Barracks  
  19  1:37  SCV  
  20  1:40  Barracks  
  20  1:47  Marine  
  21  1:54  SCV  
  22  2:05  Marine  
  22  2:06  SCV  
  24  2:30  Marine x3  
  27  2:39  Refinery  
  27  2:40  Supply Depot  
  27  2:47  Marine  
  27  2:48  Marine x2  
  30  3:05  Marine x2  
  30  3:06  Marine  
  33  3:19  Orbital Command  
  33  3:23  Marine x3  
  36  3:36  Supply Depot  
  36  3:41  Marine x3  
  39  3:59  Marine x3  
  39  4:01  Supply Depot  
  42  4:17  Marine x3  
  29  4:34  Marine  
  29  4:35  Marine x2  
  31  4:52  Marine x2  
  26  4:53  Marine  
  28  5:10  Marine x3  
Show
View Real Time Build Order
Export as new Build Order

A.I. 3 (Elite) Terran - Winner!

Build Orders: MMM Bio 

Get SALT Encoding   

  12  0:01  SCV  
  13  0:13  SCV  
  14  0:19  Supply Depot  
  14  0:25  SCV  
  15  0:29  Refinery  
  15  0:41  SCV  
  16  0:46  Barracks  
  16  0:53  SCV  
  17  1:05  SCV  
  18  1:17  SCV  
  19  1:33  Marine  
  19  1:35  Orbital Command  
  19  1:36  Factory  
  19  1:37  Supply Depot  
  20  1:49  Barracks  
  20  1:51  Marine  
  21  2:01  SCV  
  22  2:10  Barracks Tech Lab  
  22  2:13  SCV  
  23  2:20  Supply Depot  
  23  2:21  Hellion  
  25  2:29  Marauder  
  27  2:30  Concussive Shells  
  27  2:37  Barracks Tech Lab  
  27  2:42  Hellion  
  29  2:45  SCV  
  29  2:51  Marauder  
  32  2:56  Marauder  
  32  2:57  Supply Depot  
  34  3:04  Hellion  
  36  3:12  Marauder  
  38  3:19  Marauder  
  40  3:23  Supply Depot  
  40  3:25  Hellion  
  42  3:33  Marauder  
  44  3:37  SCV  
  44  3:41  Marauder  
  47  3:49  SCV  
  47  3:50  Refinery  
  47  3:54  Marine  
  49  3:58  Supply Depot  
  49  4:02  Marine  
  50  4:12  Marine  
  50  4:14  SCV  
  52  4:19  Marine  
  53  4:26  SCV  
  53  4:29  Stimpack  
  53  4:30  Marine  
  55  4:31  Engineering Bay  
  55  4:38  Marauder  
  57  4:41  Supply Depot  
  57  4:48  Marine  
  58  4:56  Engineering Bay  
  58  4:59  Terran Infantry Weapons Level 1, Marine  
  59  5:05  Marine  
  60  5:11  Command Center  
  60  5:19  Marine  
  61  5:23  Marine  
  61  5:27  Combat Shields  
  62  5:38  Barracks  
  62  5:39  Marine  
  62  5:42  Marine  
  64  5:49  Supply Depot  
  64  5:58  Marauder  
  64  6:00  Marauder  
  68  6:07  Factory Tech Lab  
  68  6:16  Starport  
  68  6:25  Siege Tank, Barracks Reactor, SCV x2  
  73  6:37  SCV  
  73  6:38  SCV  
  75  6:49  SCV  
  75  6:51  SCV  
  75  6:52  Starport Reactor  
Show
View Real Time Build Order
Export as new Build Order

A.I. 4 (Very Hard) Protoss - Winner!

Build Orders: 1 Gate Expand 

Get SALT Encoding   

  12  0:01  Probe (Chrono Boost)  
  13  0:12  Probe (Chrono Boost)  
  14  0:20  Pylon  
  14  0:22  Probe (Chrono Boost)  
  15  0:39  Probe (Chrono Boost)  
  16  0:49  Probe (Chrono Boost)  
  17  0:53  Gateway  
  17  1:00  Probe (Chrono Boost)  
  18  1:10  Probe (Chrono Boost)  
  19  1:13  Assimilator  
  19  1:18  Pylon  
  19  1:21  Probe (Chrono Boost)  
  20  1:31  Probe (Chrono Boost)  
  21  1:39  Nexus  
  21  1:48  Cybernetics Core  
  21  1:50  Zealot  
  23  2:07  Gateway, Probe (Chrono Boost)  
  24  2:17  Pylon  
  24  2:18  Probe (Chrono Boost)  
  24  2:22  Warp Gate, Zealot  
  25  2:29  Probe (Chrono Boost)  
  28  2:40  Assimilator  
  28  2:41  Probe (Chrono Boost)  
  29  2:48  Adept  
  31  2:51  Adept  
  31  2:53  Probe (Chrono Boost)  
  35  2:59  Probe (Chrono Boost)  
  35  3:05  Probe (Chrono Boost)  
  35  3:10  Probe (Chrono Boost)  
  35  3:13  Stalker  
  38  3:20  Probe (Chrono Boost)  
  38  3:23  Stalker  
  40  3:36  Probe (Chrono Boost), Pylon  
  40  3:38  Probe (Chrono Boost)  
  41  3:48  Gateway  
  41  3:50  Probe (Chrono Boost)  
  41  3:53  Stalker  
  44  3:58  Probe (Chrono Boost)  
  44  4:01  Stalker  
  45  4:07  Probe (Chrono Boost)  
  49  4:10  Probe (Chrono Boost)  
  49  4:19  Probe (Chrono Boost)  
  49  4:21  Probe (Chrono Boost)  
  49  4:30  Probe (Chrono Boost)  
  51  4:31  Stalker  
  51  4:32  Probe (Chrono Boost)  
  53  4:39  Stalker  
  53  4:41  Probe (Chrono Boost)  
  53  4:42  Stalker  
  53  4:43  Probe (Chrono Boost)  
  57  4:49  Pylon  
  57  4:52  Probe (Chrono Boost)  
  58  4:54  Probe (Chrono Boost)  
  58  4:58  Pylon  
  58  4:59  Stalker  
  61  5:04  Probe (Chrono Boost)  
  61  5:07  Probe (Chrono Boost), Stalker  
  65  5:08  Stalker  
  67  5:15  Probe (Chrono Boost)  
  67  5:18  Probe (Chrono Boost)  
  67  5:20  Pylon  
  69  5:25  Pylon, Stalker  
  69  5:26  Probe (Chrono Boost)  
  72  5:29  Probe (Chrono Boost), Stalker  
  72  5:33  Stalker  
  77  5:38  Probe (Chrono Boost)  
  77  5:41  Probe (Chrono Boost)  
  79  5:45  Pylon  
  79  5:47  Sentry  
  79  5:48  Twilight Council  
  79  5:49  Probe (Chrono Boost)  
  82  5:52  Probe (Chrono Boost), Zealot  
  83  5:59  Zealot  
  85  6:08  Assimilator  
  85  6:13  Assimilator, Zealot  
  85  6:17  Pylon  
  87  6:28  Templar Archives  
  87  6:49  Adept  
  87  6:51  Forge  
  89  6:54  Pylon  
  89  6:57  Forge  
  89  7:00  Sentry  
  91  7:05  High Templar  
  91  7:07  High Templar  
Show
View Real Time Build Order
Export as new Build Order

A.I. 5 (Very Hard) Terran - Winner!

Build Orders: MMM Bio 

Get SALT Encoding   

  12  0:01  SCV  
  13  0:13  SCV  
  14  0:19  Supply Depot  
  14  0:25  SCV  
  15  0:41  SCV  
  16  0:44  Barracks  
  16  0:46  Refinery  
  16  0:53  SCV  
  17  1:01  Barracks  
  17  1:05  SCV  
  18  1:17  SCV  
  19  1:33  Marine  
  19  1:34  Orbital Command  
  20  1:41  Barracks  
  20  1:47  Marine  
  20  1:51  Marine  
  22  1:57  Supply Depot  
  22  2:00  SCV  
  23  2:06  Barracks Tech Lab  
  23  2:09  Barracks Tech Lab  
  23  2:18  SCV  
  24  2:24  Marine  
  24  2:25  Stimpack  
  24  2:27  Marine  
  24  2:28  Marine  
  24  2:29  Concussive Shells  
  27  2:35  Supply Depot  
  27  2:42  Marine  
  27  2:44  SCV  
  29  2:45  Marine  
  29  2:46  Marine  
  31  3:00  Marauder  
  31  3:03  Marine, Marauder  
  31  3:05  SCV  
  36  3:07  Supply Depot  
  36  3:21  Marine x2  
  36  3:22  SCV  
  36  3:26  Combat Shields  
  39  3:29  Supply Depot, Marine  
  40  3:39  Marine  
  40  3:40  Refinery  
  41  3:47  Marauder  
  43  3:57  Marauder  
  45  4:03  SCV  
  46  4:12  Marauder  
  46  4:15  SCV  
  49  4:17  Supply Depot  
  49  4:18  Marauder  
  51  4:27  SCV  
  52  4:34  Marauder  
  52  4:38  Command Center  
  54  4:43  Marauder  
  55  4:53  Barracks Reactor, Factory  
  55  4:54  Marine  
  56  5:04  Marauder  
  58  5:09  Supply Depot  
  58  5:13  Marauder  
  60  5:27  Marine  
  61  5:30  Marine  
  61  5:33  Marine  
  61  5:35  Marine  
  53  5:43  Starport  
  53  5:45  Marine  
  53  5:48  Marine  
  55  5:51  SCV, Marine  
  55  5:53  SCV  
  55  5:54  Marauder  
  60  6:02  Marine  
  60  6:03  SCV  
  62  6:07  SCV  
  63  6:11  Marine  
  63  6:13  Marine  
  63  6:16  Marine, SCV  
  67  6:19  SCV  
  67  6:20  Medivac  
  70  6:28  SCV  
  70  6:31  SCV, Marauder  
  74  6:37  Marauder  
  76  6:40  SCV  
  76  6:42  Supply Depot  
  76  6:43  SCV  
  78  6:51  Engineering Bay  
  78  6:52  SCV  
  81  6:55  SCV  
  82  7:06  Engineering Bay  
Tags
 
Add a new tag
Caveats
  • Supply blocks, unpowered buildings, or Contaminate may cause inaccurate times.
  • Supply counts are checked every 10 seconds.